 Dungeon Crawl Stone Soup version 0.24.0-1-gfbc8707122 (webtiles) character file.

Game seed: 13709371863009521656, levelgen mode: deterministic

550793 Arum the Conqueror (level 27, -6/264 HPs)
             Began as a Formicid Fighter on Oct 28, 2019.
             Was a High Priest of Qazlal.
             Mangled by a shadow dragon (7 damage)
             ... on level 5 of the Vaults.
             The game lasted 02:39:35 (53998 turns).

Arum the Conqueror (Formicid Fighter)              Turns: 53998, Time: 02:39:36

Health: -6/264     AC: 45    Str: 29    XL:     27
Magic:  23/42      EV: 15    Int: 16    God:    Qazlal [*****.]
Gold:   4487       SH: 20    Dex: 10    Spells: 49/57 levels left

rFire    + + +     SeeInvis +   S - +3 Elemental Staff {rElec rF++ rC++ MR++ AC+5}
rCold    + + +     Gourm    .   s - +1 shield {AC+3}
rNeg     + . .     Faith    .   e - +8 gold dragon scales
rPois    +         Spirit   .   (helmet unavailable)
rElec    +         Reflect  .   a - scarf {rC+ rF+}
rCorr    .         Harm     .   L - +2 pair of gloves
MR       +++++                  b - +0 pair of boots "Hidduedu" {MR+}
Stlth    ..........             p - amulet of Vitality {Regen+ HP+15}
HPRegen  0.94/turn              i - ring of Phasing {EV+8}
MPRegen  0.28/turn              Q - ring "Temiyleidi" {rPois rN+ MR+ AC+1 Str+3}

@: protected from physical damage, very slightly contaminated, constricted,
studying Dodging, lightly drained, invisible, repel missiles
A: permanent stasis, dig shafts and tunnels, four strong arms, antennae 3
}: 2/15 runes: barnacled, gossamer
a: Dig, Shaft Self, Upheaval, Elemental Force, Disaster Area, Renounce Religion


You were on level 5 of the Vaults.
You worshipped Qazlal.
Qazlal was extremely pleased with you.
You were not hungry.

You visited 9 branches of the dungeon, and saw 45 of its levels.
You visited the Abyss 1 time.
You visited 1 bazaar.
You also visited: Trove, Gauntlet, Ice Cave and Wizlab.

You collected 7486 gold pieces.
You spent 2999 gold pieces at shops.

Inventory:

Hand Weapons
 y - the +7 sceptre of Torment {pain, torment}
   (You bought it in a shop in a bazaar)

   In the hands of one skilled in necromantic magic, it inflicts extra damage on
   living creatures.
 S - the +3 Elemental Staff (weapon) {rElec rF++ rC++ MR++ AC+5}
   (You found it on level 13 of the Dungeon)

   It affects your AC (+5).
   It greatly protects you from fire.
   It greatly protects you from cold.
   It insulates you from electricity.
   It affects your resistance to hostile enchantments.
 U - a +0 lajatang of holy wrath
Missiles
 r - 100 javelins (quivered)
 I - 50 silver javelins
 J - 11 throwing nets
Armour
 a - a scarf of resistance (worn)
 b - the +0 pair of boots "Hidduedu" (worn) {MR+}
   (You found it in a Gauntlet)

   It affects your resistance to hostile enchantments.
 e - +8 gold dragon scales (worn)
 s - a +1 shield of protection (worn)
 L - a +2 pair of gloves (worn)
Jewellery
 i - the ring of Phasing (left hand) {EV+8}
   (You found it on level 15 of the Dungeon)

   [ring of evasion]

   It affects your evasion (+8).
 l - an uncursed ring of resist corrosion
 p - the amulet of Vitality (around neck) {Regen+ HP+15}
   (You bought it in a shop on level 2 of the Orcish Mines)

   [amulet of regeneration]

   It affects your health (+15).
   It increases your rate of regeneration.
 B - the ring "Quimel" {rPois rC- rN+ Str+8 Stlth-}
   (You found it on level 6 of the Lair of Beasts)

   [ring of positive energy]

   It affects your strength (+8).
   It makes you vulnerable to cold.
   It protects you from poison.
   It protects you from negative energy.
   It makes you less stealthy.
 C - an uncursed ring of positive energy
 Q - the ring "Temiyleidi" (right hand) {rPois rN+ MR+ AC+1 Str+3}
   (You found it on level 13 of the Dungeon)

   [ring of protection]

   It affects your AC (+1).
   It affects your strength (+3).
   It protects you from poison.
   It protects you from negative energy.
   It affects your resistance to hostile enchantments.
Wands
 j - a wand of acid (33)
 x - a wand of digging (26)
 A - a wand of iceblast (63)
 F - a wand of scattershot (6)
 V - a wand of clouds (4)
Scrolls
 g - 19 scrolls of remove curse
 o - a scroll of holy word
 q - 7 scrolls of fog
 u - 3 scrolls of fear
 v - a scroll of silence
 E - 19 scrolls of identify
 K - 7 scrolls of enchant weapon
 W - 4 scrolls of magic mapping
 X - 3 scrolls of summoning
Potions
 d - 7 potions of might
 k - 12 potions of agility
 m - 10 potions of flight
 n - 3 potions of invisibility
 t - 9 potions of lignification
 w - 8 potions of ambrosia
 z - 19 potions of curing
 D - 7 potions of mutation
 G - 2 potions of resistance
 N - 3 potions of cancellation
 O - 8 potions of brilliance
 Z - 6 potions of heal wounds
Books
 h - a manual of Dodging
Miscellaneous
 H - 3 phantom mirrors
 P - a lightning rod (4/4)
 R - a phial of floods
 T - a lamp of fire
Comestibles
 c - 12 chunks of flesh
 f - 72 rations


   Skills:
 O Level 27(26.6) Fighting
 - Level 14.0(13.7) Staves
 - Level 17.1(16.8) Throwing
 + Level 15.7(15.4) Armour
 + Level 11.6(11.3) Dodging
 - Level 12.0(11.7) Shields
 + Level 15.6(15.3) Spellcasting
 - Level 11.0(10.7) Necromancy
 - Level 10.0(9.7) Transmutations
 - Level 10.0(9.7) Invocations
 - Level 16.0(15.7) Evocations


You had 49 spell levels left.
You knew the following spells:

 Your Spells              Type           Power        Failure   Level  Hunger
a - Necromutation         Tmut/Necr      #####.....   100%        8    #######

Your spell library contained the following spells:

 Spells                   Type           Power        Failure   Level  Hunger
 Animate Skeleton         Necr           N/A          1%          1    None
 Beastly Appendage        Tmut           #####.       1%          1    None
 Corpse Rot               Necr           N/A          1%          2    None
 Sublimation of Blood     Necr           #####.....   1%          2    None
 Sticks to Snakes         Tmut           #####...     2%          2    None
 Vampiric Draining        Necr           #####.....   3%          3    None
 Animate Dead             Necr           N/A          11%         4    #......
 Passwall                 Tmut/Erth      ####....     19%         2    None
 Regeneration             Chrm/Necr      ####......   28%         3    None
 Agony                    Necr           #####...     28%         5    ####...
 Dispel Undead            Necr           #####...     28%         5    ####...
 Blade Hands              Tmut           #####.....   41%         5    ####...
 Ignite Poison            Fire/Tmut/Pois ###.....     56%         3    None
 Apportation              Tloc           ##....       65%         1    None
 Confusing Touch          Hex            ##....       65%         1    None
 Corona                   Hex            ##.....      65%         1    None
 Flame Tongue             Conj/Fire      ##...        65%         1    None
 Infusion                 Chrm           ##..         65%         1    None
 Magic Dart               Conj           ##..         65%         1    None
 Sandblast                Erth           ##....       65%         1    None
 Shock                    Conj/Air       ##..         65%         1    None
 Summon Butterflies       Summ           ##......     65%         1    None
 Summon Small Mammal      Summ           ##..         65%         1    None
 Ice Form                 Ice/Tmut       ####....     75%         4    #......
 Petrify                  Tmut/Erth      ####....     75%         4    #......
 Call Imp                 Summ           ##......     80%         2    None
 Ensorcelled Hibernation  Hex/Ice        ##....       80%         2    None
 Poisonous Vapours        Pois/Air       ##....       80%         2    None
 Shroud of Golubria       Chrm/Tloc      ##....       80%         2    None
 Slow                     Hex            ##......     80%         2    None
 Song of Slaying          Chrm           ##......     80%         2    None
 Swiftness                Chrm/Air       ##......     80%         2    None
 Throw Flame              Conj/Fire      ##....       80%         2    None
 Throw Frost              Conj/Ice       ##....       80%         2    None
 Death Channel            Necr           #####.....   85%         6    ######.
 Hydra Form               Tmut           #####.....   94%         6    ######.
 Call Canine Familiar     Summ           ##......     95%         3    None
 Confuse                  Hex            ##......     95%         3    None
 Conjure Flame            Conj/Fire      ##......     95%         3    None
 Dazzling Spray           Conj/Hex       ##....       95%         3    None
 Gell's Gravitas          Tloc           ##........   95%         3    None
 Inner Flame              Hex/Fire       ##......     95%         3    None
 Lesser Beckoning         Tloc           ##........   95%         3    None
 Mephitic Cloud           Conj/Pois/Air  ##......     95%         3    None
 Ozocubu's Armour         Chrm/Ice       ##......     95%         3    None
 Portal Projectile        Hex/Tloc       ##....       95%         3    None
 Recall                   Summ/Tloc      N/A          95%         3    None
 Spectral Weapon          Hex/Chrm       ##......     95%         3    None
 Static Discharge         Conj/Air       ##......     95%         3    None
 Stone Arrow              Conj/Erth      ##....       95%         3    None
 Summon Guardian Golem    Hex/Summ       ##......     95%         3    None
 Teleport Other           Tloc           ##......     95%         3    None
 Bolt of Draining         Conj/Necr      ####......   95%         5    ####...
 Borgnjor's Vile Clutch   Necr/Erth      ####......   95%         5    ####...
 Excruciating Wounds      Chrm/Necr      ####......   95%         5    ####...
 Alistair's Intoxication  Tmut/Pois      ####....     97%         5    ####...
 Irradiate                Conj/Tmut      ####......   97%         5    ####...
 Yara's Violent Unravell  Hex/Tmut       ####......   97%         5    ####...
 Cause Fear               Hex            ##........   100%        4    #......
 Force Lance              Conj/Tloc      ##......     100%        4    #......
 Fulminant Prism          Conj/Hex       ##........   100%        4    #......
 Iskenderun's Mystic Bla  Conj           ##......     100%        4    #......
 Leda's Liquefaction      Hex/Erth       ##........   100%        4    #......
 Passage of Golubria      Tloc           N/A          100%        4    #......
 Sticky Flame             Conj/Fire      ##......     100%        4    #......
 Summon Ice Beast         Ice/Summ       ##......     100%        4    #......
 Summon Lightning Spire   Summ/Air       ##......     100%        4    #......
 Throw Icicle             Conj/Ice       ##......     100%        4    #......
 Aura of Abjuration       Summ           ##........   100%        5    ####...
 Bolt of Magma            Conj/Fire/Erth ##........   100%        5    ####...
 Fireball                 Conj/Fire      ##........   100%        5    ####...
 Iskenderun's Battlesphe  Conj/Chrm      ##......     100%        5    ####...
 Lee's Rapid Deconstruct  Erth           ##........   100%        5    ####...
 Lightning Bolt           Conj/Air       ##........   100%        5    ####...
 Metabolic Englaciation   Hex/Ice        ##........   100%        5    ####...
 Silence                  Hex/Air        ##........   100%        5    ####...
 Summon Demon             Summ           ##........   100%        5    ####...
 Summon Forest            Summ/Tloc      ##........   100%        5    ####...
 Summon Mana Viper        Hex/Summ       ##......     100%        5    ####...
 Venom Bolt               Conj/Pois      ##........   100%        5    ####...
 Bolt of Cold             Conj/Ice       ##........   100%        6    ######.
 Bolt of Fire             Conj/Fire      ##........   100%        6    ######.
 Darkness                 Hex            ##........   100%        6    ######.
 Deflect Missiles         Chrm/Air       ##........   100%        6    ######.
 Freezing Cloud           Conj/Ice/Air   ##........   100%        6    ######.
 Invisibility             Hex            ##......     100%        6    ######.
 Iron Shot                Conj/Erth      ##........   100%        6    ######.
 Ozocubu's Refrigeration  Ice            ##........   100%        6    ######.
 Shadow Creatures         Summ           N/A          100%        6    ######.
 Simulacrum               Ice/Necr       ####......   100%        6    ######.
 Statue Form              Tmut/Erth      ####.....    100%        6    ######.
 Dragon Form              Tmut           #####.....   100%        7    #######
 Haunt                    Necr/Summ      ####......   100%        7    #######
 Orb of Destruction       Conj           ##........   100%        7    #######
 Ring of Flames           Chrm/Fire      ##........   100%        7    #######
 Spellforged Servitor     Conj/Summ      ##........   100%        7    #######
 Summon Hydra             Summ           ##........   100%        7    #######
 Borgnjor's Revivificati  Necr           #####.....   100%        8    #######
 Death's Door             Chrm/Necr      ####......   100%        8    #######
 Discord                  Hex            ##........   100%        8    #######
 Infestation              Necr           #####.....   100%        8    #######
 Dragon's Call            Summ           ##........   100%        9    #######
 Fire Storm               Conj/Fire      ##........   100%        9    #######
 Shatter                  Erth           ##........   100%        9    #######
 Blink                    Tloc           Unusable     N/A         2    N/A

Dungeon Overview and Level Annotations

Branches:
Dungeon (15/15)            Temple (1/1) D:4            Lair (6/6) D:8
 Shoals (4/4) Lair:2       Spider (4/4) Lair:3        Slime (0/5) Lair:6
    Orc (2/2) D:12            Elf (3/3) Orc:2        Vaults (5/5) D:14
  Crypt (0/3) Vaults:2     Depths (5/5) D:15            Zot (0/5) Depths:5
  IceCv (visited)          WizLab (visited)         Gauntlet (visited)

Altars:
Ashenzari
Cheibriados
Dithmenos
Elyvilon
Fedhas
Gozag
Hepliaklqana
Kikubaaqudgha
Makhleb
Nemelex Xobeh
Okawaru
Qazlal
Ru
Sif Muna
Trog
Uskayaw
Vehumet
Wu Jian
Xom
Yredelemnul
Zin
The Shining One
Beogh
Jiyva

Shops:
D:5 }   D:10 :   D:14 :   Orc:2 (=*[   Elf:2 :   Elf:3 ?   Vaults:1 (
Depths:1 ?[   Depths:3 [

Portals:
Hell: Depths:1 Depths:2 Depths:3 Depths:4 Depths:5
Abyss: Depths:4
Pandemonium: Depths:3 Depths:5
Ziggurat: Depths:5


Innate Abilities, Weirdness & Mutations

You cannot be hasted, slowed, berserked, paralysed or teleported.
You can dig through walls and to a lower floor.
Your four strong arms can wield two-handed weapons with a shield.
You have a pair of large antennae on your head. (SInv)


Message History

The ironbrand convoker is engulfed in freezing vapours.
You kill the ironbrand convoker!
Qazlal accepts your kill.
The yaktaur shoots a bolt.
The bolt hits the shadow dragon!
The shadow dragon dies!
You block the tentacled monstrosity's attack. x2
The tentacled monstrosity tentacle-slaps you but does no damage.
The shadow dragon bites you but does no damage.
You block the shadow dragon's attack. The shadow dragon misses you.
The tengu reaver hits you but does no damage.
The phantasmal warrior blinks!
The ettin misses you.
The ettin hits you with a +0 dire flail!!
* * * LOW HITPOINT WARNING * * *
You feel more protected from physical attacks.
The tentacled monstrosity barely misses you.
The tentacled monstrosity tentacle-slaps you but does no damage. x2
* * * LOW HITPOINT WARNING * * *
The tentacled monstrosity constricts you.
The shadow dragon bites you!
You die...

#....# #. .
#...c# #. ..
#..%.# #.
#..#....##.
#.EX..).*#
##...QY○°°#####
..%.EEC☼Co.%...
%..*Q9X@Do.po..
..))e2D1Xz%.%T.
%..[3Qec○°.W...
##)%D*44.§..###
#..D.....%..#
..%#%.%p...p#
#.##%...###W.
## #....# ...


You could see 2 shadow dragons, 3 tentacled monstrosities, an ironheart
preserver, a golden dragon, a storm dragon, a Brimstone Fiend, 3 tengu reavers,
2 death knights, a yaktaur captain, a lorocyproca (invisible), an elephant
shaped shifter, an orc knight, 2 ettins, a skeletal warrior, a sun demon, a deep
elf demonologist, a war gargoyle, a phantasmal warrior, 3 earth elementals, a
yaktaur, an ice devil, a deep elf mage, a troll (wandering), a chaos spawn, a
wraith, an orc warrior, 3 battlespheres and an orc (wandering).

Vanquished Creatures
  Mara (Depths:2)
  A juggernaut (Depths:5)
  4 golden dragons
  Nikola (Depths:3)
  Arachne (Spider:3)
  Jorgrun (Shoals:3)
  6 liches
  2 tentacled monstrosities
  4 deep elf master archers (Elf:3)
  Asterion (Depths:2)
  A quicksilver dragon (Depths:4)
  The ghost of Wueresid the Spry, an adept DEWz of Sif Muna (Vaults:4)
  2 deep elf blademasters (Elf:3)
  4 storm dragons
  Frances (Shoals:1)
  3 sphinxes
  Roxanne (Spider:1)
  5 shadow dragons
  Ilsuiw (Shoals:3)
  The ghost of Giacesaiho the Fencer, an adept FoCK of Xom (Shoals:1)
  Donald (Orc:2)
  A draconian monk (Depths:5)
  Kirke (Lair:6)
  5 tengu reavers
  12 frost giants
  8 vault wardens
  10 deep elf sorcerers
  Aizul (Spider:4)
  A draconian knight (Depths:5)
  Louise (Spider:3)
  The ghost of Rjs the Brawler, a journeyman TrBe of Trog (Lair:6)
  8 fire giants
  3 deep elf elementalists (Elf:3)
  4 ghost moths (Spider:4)
  7 iron dragons
  10 ironheart preservers
  A ghoul (Vaults:4)
  A draconian shifter (Depths:5)
  6 emperor scorpions
  3 orc warlords
  7 entropy weavers
  2 spriggan defenders (Depths:3)
  15 stone giants
  A reaper (Depths:5)
  20 very ugly things
  8 deep elf demonologists
  9 vampire knights
  A red draconian (Depths:5)
  A black draconian (Depths:5)
  2 large abominations
  10 deep elf annihilators
  13 spark wasps
  11 purple draconians
  A yellow draconian (Depths:5)
  2 white draconians (Depths:5)
  A minotaur (Gauntlet)
  9 statues (WizLab)
  An eidolon (Vaults:2)
  8 merfolk javelineers
  14 ettins
  4 deep elf death magi
  14 yaktaur captains
  Josephine (Lair:6)
  8 deep elf high priests
  The ghost of Ypehuijo the Spear-Bearer, a journeyman OpFi of Gozag (Lair:5)
  5 great orbs of eyes
  9 fire dragons
  11 merfolk impalers
  30 vault guards
  4 merfolk avatars
  8 rakshasas
  11 ice dragons
  2 alligator snapping turtles
  7 hydras
  A hell beast (Gauntlet)
  5 death knights
  A two-headed ogre (shapeshifter) (Depths:2)
  17 centaur warriors
  4 catoblepae
  30 dancing weapons
  2 satyrs (Shoals:2)
  3 merfolk aquamancers
  13 deep troll shamans
  16 ogre magi
  5 tengu warriors
  66 two-headed ogres
  A queen ant (Spider:1)
  A titan zombie (Depths:2)
  13 death yaks
  4 vampire magi
  13 deep troll earth magi
  7 spriggan berserkers
  Sonja (D:11)
  23 deep elf knights
  6 orc high priests
  A shadow wraith (Vaults:2)
  7 hell knights
  A sixfirhy (Depths:5)
  7 skeletal warriors
  16 sea snakes
  A torturous demonspawn (Depths:5)
  2 unseen horrors (shapeshifter)
  7 iron trolls
  13 deep elf archers
  A tengu zombie (Vaults:4)
  2 unseen horrors
  8 glowing orange brains
  2 flayed ghosts (Depths:1)
  9 wizards
  28 deep trolls
  14 ironbrand convokers
  19 orc knights
  A phantasmal warrior (Vaults:2)
  2 harpies (shapeshifter)
  16 orb spiders
  A shadow dragon skeleton (Vaults:4)
  10 necromancers
  30 wolf spiders
  42 ugly things
  15 fauns
  21 harpies
  2 frost giant zombies (Vaults:4)
  2 cyclopes (shapeshifter)
  A sphinx skeleton (Depths:2)
  90 deep elf magi
  24 manticores
  6 orc sorcerers
  A stone giant zombie (Vaults:4)
  4 moths of wrath
  10 merfolk sirens
  8 cyclopes
  A guardian serpent (shapeshifter) (Depths:2)
  16 elephants
  6 black mambas
  4 torpor snails
  A titan simulacrum (Vaults:4)
  5 centaur zombies
  6 water nymphs
  Joseph (D:9)
  A spiny frog (shapeshifter) (Vaults:2)
  A black mamba (shapeshifter) (Vaults:1)
  19 vault sentinels
  A human skeleton (Vaults:4)
  An ice statue (IceCv)
  A gargoyle (D:8)
  8 spiny frogs
  52 yaktaurs
  A rime drake (Lair:6)
  An orange demon (Abyss:1)
  An efreet (D:15)
  7 komodo dragons
  A yaktaur (shapeshifter) (Vaults:2)
  11 freezing wraiths
  13 demonic crawlers
  9 tengu conjurers
  A hellwing (Depths:5)
  A spark wasp simulacrum (Depths:2)
  A meliai (shapeshifter) (Depths:2)
  A harpy zombie (D:12)
  5 trolls
  16 polar bears
  2 jumping spiders (shapeshifter)
  A polar bear (shapeshifter) (D:14)
  33 merfolk
  A queen bee (shapeshifter) (Depths:1)
  26 jumping spiders
  A merfolk (shapeshifter) (Vaults:4)
  10 tyrant leeches
  7 blink frogs
  2 wind drakes (shapeshifter)
  17 hornets
  5 wind drakes
  13 slime creatures
  A raiju (shapeshifter) (Vaults:4)
  2 dream sheep (Shoals:4)
  12 hippogriffs
  8 snapping turtles
  A stone giant simulacrum (Vaults:4)
  88 redbacks
  21 water elementals
  2 air elementals (Elf:3)
  31 tarantellas
  72 yaks
  A shadow (D:15)
  3 wyverns
  2 wyverns (shapeshifter)
  A spriggan skeleton (Depths:2)
  7 spriggans
  11 wraiths
  2 hogs (Lair:6)
  A tarantella (shapeshifter) (D:15)
  A human (shapeshifter) (Depths:1)
  20 humans
  4 basilisks
  Eustachio (D:6)
  A steam dragon (D:12)
  5 fire elementals
  A hog (shapeshifter) (Vaults:2)
  A yak (shapeshifter) (Vaults:1)
  6 hungry ghosts
  A chaos spawn (Depths:5)
  3 vampire mosquitoes (D:15)
  6 wargs
  15 soldier ants
  5 acid dragons
  5 swamp worms (Spider:3)
  12 water moccasins
  2 floating eyes (Depths:4)
  48 orc warriors
  8 porcupines
  A black bear (shapeshifter) (Vaults:3)
  4 sky beasts
  4 ice beasts
  11 black bears
  2 human zombies (Vaults:4)
  45 ogres
  2 eyes of draining
  A necrophage (D:11)
  31 wolves
  3 phantoms
  15 boggarts
  4 centaurs
  The ghost of Aviak the Insei, an amateur OpTm (D:3)
  2 big kobolds
  12 crocodiles
  A crocodile (shapeshifter) (Depths:3)
  A big kobold (shapeshifter) (D:15)
  17 bullfrogs
  5 earth elementals
  A wyvern zombie (D:7)
  3 scorpions
  3 wyvern skeletons
  13 killer bees
  5 small abominations
  A troll zombie (D:12)
  4 wights
  6 howler monkeys
  8 crimson imps
  2 bullfrog zombies
  A quasit (D:11)
  2 iron imps
  6 jellies
  10 hounds
  2 bullfrog skeletons
  23 orc priests
  A gnoll shaman (D:5)
  2 centaur skeletons
  Natasha (thrice) (D:2)
  Terence (D:2)
  5 iguanas
  33 orc wizards
  21 worker ants
  5 ogre zombies (D:12)
  A worker ant zombie (D:7)
  4 gnolls
  A howler monkey skeleton (D:8)
  15 adders
  5 shadow imps
  5 white imps
  An ooze (D:1)
  A worm (D:8)
  A worm (shapeshifter) (Vaults:4)
  3 dart slugs
  7 leopard geckos
  83 orcs
  A ball python (D:3)
  6 giant cockroaches
  6 goblins
  5 hobgoblins
  8 jackals
  20 kobolds
  9 quokkas
  7 bats
  9 frilled lizards
  3 goblin zombies (D:12)
  2 hobgoblin zombies (D:12)
  A jackal skeleton (D:8)
  A leopard gecko skeleton (D:4)
  A leopard gecko zombie (D:6)
  2 orc skeletons (D:12)
  12 orc zombies (D:12)
  28 rats
  A bush (Shoals:2)
  2 crawling corpses (Vaults:3)
  A fungus (Lair:5)
2331 creatures vanquished.

Vanquished Creatures (collateral kills)
  An ice dragon (D:13)
1 creature vanquished.

Vanquished Creatures (others)
  A shadow dragon (Vaults:5)
  2 two-headed ogres (Depths:3)
  An ogre mage (Depths:3)
  A spriggan berserker (Elf:2)
  2 deep elf knights
  A hell knight (Depths:3)
  A sea snake (Shoals:4)
  A deep elf archer (Elf:2)
  A harpy (Shoals:2)
  A deep elf mage (Elf:2)
  A merfolk (Shoals:4)
  A polar bear (IceCv)
  2 water elementals (Depths:4)
  2 hogs (Lair:6)
  2 yaks (IceCv)
  2 humans (Lair:6)
  An ogre (Depths:3)
  A bullfrog (D:14)
  A scorpion (D:6)
  An orc priest (Elf:1)
  3 orc wizards
  A gnoll (D:6)
  An orc (Elf:3)
  3 jackals (D:6)
  A bush (D:8)
  10 fungi
  20 plants
65 creatures vanquished.

Grand Total: 2397 creatures vanquished

Notes
Turn   | Place    | Note
-------+----------+-------------------------------------------
     0 | D:1      | Arum the Formicid Fighter began the quest for the Orb.
     0 | D:1      | Reached XP level 1. HP: 18/18 MP: 1/1
   144 | D:1      | Reached XP level 2. HP: 24/24 MP: 2/2
   583 | D:1      | Reached XP level 3. HP: 30/30 MP: 3/3
  1179 | D:2      | Noticed Natasha
  1198 | D:2      | Killed Natasha
  1198 | D:2      | Reached skill level 4 in Fighting
  1198 | D:2      | Reached XP level 4. HP: 22/37 MP: 4/4
  1380 | D:2      | Noticed Terence
  1401 | D:2      | Noticed Natasha
  1434 | D:2      | HP: 1/37 [Natasha (7)]
  1437 | D:2      | Killed Natasha
  1437 | D:2      | Reached XP level 5. HP: 28/42 MP: 5/5
  1442 | D:2      | Killed Terence
  1676 | D:2      | Noticed Natasha
  1745 | D:2      | Found a faded altar of an unknown god.
  1777 | D:2      | Killed Natasha
  1777 | D:2      | Reached skill level 5 in Shields
  2035 | D:3      | Reached XP level 6. HP: 48/50 MP: 6/6
  2184 | D:3      | Reached skill level 5 in Fighting
  2375 | D:3      | Found a runed translucent gate.
  2375 | D:3      | Found a runed translucent gate.
  2376 | D:3      | Found a runed translucent gate.
  2378 | D:3      | Noticed Aviak's ghost (amateur OpTm)
  2475 | D:3      | Found a sparkling altar of Nemelex Xobeh.
  2477 | D:3      | Found a hazy altar of Hepliaklqana.
  2479 | D:3      | Found a basalt altar of Yredelemnul.
  2636 | D:3      | Found a shimmering blue altar of Sif Muna.
  2636 | D:3      | Found a stormy altar of Qazlal.
  2643 | D:3      | Became a worshipper of Qazlal Stormbringer
  2772 | D:3      | Killed Aviak's ghost
  2866 | D:4      | Reached XP level 7. HP: 56/56 MP: 7/7
  2933 | D:4      | Reached * piety under Qazlal
  3290 | D:4      | Found a staircase to the Ecumenical Temple.
  3466 | Temple   | Entered the Ecumenical Temple
  3540 | D:5      | Entered Level 5 of the Dungeon
  3648 | D:5      | Reached skill level 6 in Fighting
  3758 | D:5      | Reached skill level 5 in Staves
  3838 | D:5      | Found Zierecoa's Gadget Boutique.
  3936 | D:5      | Reached XP level 8. HP: 64/64 MP: 8/8
  4721 | D:6      | Found a shimmering altar of Xom.
  4827 | D:6      | Found an ancient bone altar of Kikubaaqudgha.
  4857 | D:6      | Reached ** piety under Qazlal
  4930 | D:6      | Reached skill level 7 in Fighting
  5318 | D:6      | Noticed Eustachio
  5322 | D:6      | Reached XP level 9. HP: 72/72 MP: 9/9
  5361 | D:6      | Killed Eustachio
  6172 | D:7      | Reached skill level 8 in Fighting
  6658 | D:8      | Noticed a hornet
  6664 | D:8      | Noticed a hornet
  6672 | D:8      | Killed a hornet
  6680 | D:8      | Killed a hornet
  6725 | D:8      | Reached skill level 5 in Armour
  6898 | D:8      | Reached XP level 10. HP: 82/82 MP: 10/10
  6944 | D:8      | Reached skill level 9 in Fighting
  6953 | D:8      | Reached *** piety under Qazlal
  7557 | D:8      | Noticed a komodo dragon
  7568 | D:8      | Killed a komodo dragon
  7615 | D:8      | Found a staircase to the Lair.
  7803 | D:8      | Reached skill level 10 in Fighting
  8003 | D:9      | Noticed a centaur warrior
  8004 | D:9      | Noticed a two-headed ogre
  8012 | D:9      | Killed a two-headed ogre
  8012 | D:9      | Reached XP level 11. HP: 85/92 MP: 6/11
  8021 | D:9      | Killed a centaur warrior
  8030 | D:9      | Noticed a two-headed ogre
  8043 | D:9      | Killed a two-headed ogre
  8065 | D:9      | Reached skill level 11 in Fighting
  8275 | D:9      | Noticed Joseph
  8284 | D:9      | Killed Joseph
  8284 | D:9      | Reached skill level 10 in Staves
  8518 | D:8      | Reached **** piety under Qazlal
  8529 | D:8      | Noticed a manticore
  8529 | D:8      | Noticed a deep elf mage
  8529 | D:8      | Noticed a manticore
  8529 | D:8      | Noticed an unseen horror
  8541 | D:8      | Killed an unseen horror
  8556 | D:8      | Killed a manticore
  8566 | D:8      | Killed a deep elf mage
  8568 | D:8      | Killed a manticore
  9150 | D:10     | Entered Level 10 of the Dungeon
  9150 | D:10     | Found Lyjiwa's Book Shop.
  9170 | D:10     | Reached XP level 12. HP: 91/101 MP: 12/12
  9259 | D:10     | Noticed a two-headed ogre
  9267 | D:10     | Killed a two-headed ogre
  9267 | D:10     | Reached skill level 10 in Armour
  9294 | D:10     | Reached skill level 12 in Fighting
  9504 | D:10     | Reached ***** piety under Qazlal
  9714 | D:11     | Found a gate leading to a gauntlet.
  9744 | D:11     | Reached skill level 1 in Invocations
  9776 | Gauntlet | Entered a Gauntlet
  9776 | Gauntlet | Found a transporter.
  9776 | Gauntlet | Found a transporter.
  9785 | Gauntlet | Found a transporter.
  9793 | Gauntlet | Found a transporter.
  9799 | Gauntlet | Found a transporter.
  9799 | Gauntlet | Noticed a soul eater
  9810 | Gauntlet | Found the +9 staff of Olgreb {rPois}
  9815 | Gauntlet | Found a transporter.
  9828 | Gauntlet | Noticed a death ooze
  9829 | Gauntlet | Found a transporter.
  9844 | Gauntlet | Found a transporter.
  9850 | Gauntlet | Found a transporter.
  9860 | Gauntlet | Noticed a hell beast
  9871 | Gauntlet | Noticed a wizard
  9927 | Gauntlet | Found a transporter.
  9927 | Gauntlet | Found a transporter.
  9976 | Gauntlet | Found a transporter.
 10084 | Gauntlet | Killed a wizard
 10160 | Gauntlet | Killed a hell beast
 10170 | Gauntlet | Got a pair of brightly glowing boots
 10172 | Gauntlet | Identified the +0 pair of boots "Hidduedu" {MR+} (You found
                  | it in a Gauntlet)
 10208 | Gauntlet | Identified the cursed +3 war axe of Infection {protect,
                  | *Drain rN+ Dex+2 SInv}
 10208 | Gauntlet | Identified the +5 arbalest "Finemi" {penet, Int+2}
 10208 | Gauntlet | Noticed a minotaur
 10243 | Gauntlet | Killed a minotaur
 10691 | D:11     | Noticed Sonja
 10708 | D:11     | Cast into level 1 of the Abyss (Sonja)
 10833 | D:11     | Escaped the Abyss
 10844 | D:11     | Killed Sonja
 10844 | D:11     | Reached XP level 13. HP: 72/109 MP: 14/16
 11266 | D:12     | Found a staircase to the Orcish Mines.
 11273 | D:12     | Reached skill level 13 in Fighting
 11344 | D:12     | Reached skill level 5 in Invocations
 11622 | D:12     | Found a stormy altar of Qazlal.
 12120 | D:13     | Noticed a centaur warrior
 12133 | D:13     | Killed a centaur warrior
 12528 | D:13     | Noticed a centaur warrior
 12535 | D:13     | Killed a centaur warrior
 12574 | D:13     | Identified the +8 trident "Hedion" {pierce, Int+3}
 12574 | D:13     | Noticed a centaur warrior
 12599 | D:13     | Reached skill level 14 in Fighting
 12612 | D:13     | Noticed a centaur warrior
 12614 | D:13     | Killed a centaur warrior
 12628 | D:13     | Killed a centaur warrior
 12772 | D:13     | Noticed a centaur warrior
 12779 | D:13     | Killed a centaur warrior
 12779 | D:13     | Reached XP level 14. HP: 120/120 MP: 20/20
 12914 | D:13     | Identified the Disquisition on Spatial Moulding
 12958 | D:13     | Got a transparent bone ring
 12976 | D:13     | Noticed a stone giant
 12999 | D:13     | Killed a stone giant
 13061 | D:13     | Found the +3 Elemental Staff {rElec rF++ rC++ MR++ AC+5}
 13067 | D:13     | Identified the ring "Temiyleidi" {rPois rN+ MR+ AC+1 Str+3}
                  | (You found it on level 13 of the Dungeon)
 13571 | D:14     | Found Yseneh's Book Shop.
 13588 | D:14     | Reached skill level 1 in Evocations
 13739 | D:14     | Reached skill level 10 in Invocations
 13747 | D:14     | Reached ****** piety under Qazlal
 14163 | D:14     | Reached skill level 15 in Fighting
 14323 | D:14     | Found a gate to the Vaults.
 14515 | D:15     | Entered Level 15 of the Dungeon
 14559 | D:15     | Reached skill level 5 in Evocations
 14679 | D:15     | Reached XP level 15. HP: 77/129 MP: 22/22
 14893 | D:15     | Found a staircase to the Depths.
 15397 | D:15     | Found the ring of Phasing {EV+8}
 15477 | D:15     | Found a shadowy altar of Dithmenos.
 15790 | Orc:1    | Entered Level 1 of the Orcish Mines
 15819 | Orc:1    | Reached skill level 16 in Fighting
 16113 | Orc:2    | Entered Level 2 of the Orcish Mines
 16148 | Orc:2    | Noticed Donald
 16194 | Orc:2    | Killed Donald
 16215 | Orc:2    | Noticed an orc warlord
 16289 | Orc:2    | Killed an orc warlord
 16483 | Orc:2    | Noticed an orc warlord
 16521 | Orc:2    | Killed an orc warlord
 16570 | Orc:2    | Found a roughly hewn altar of Beogh.
 16578 | Orc:2    | Found Huelod's General Store.
 16618 | Orc:2    | Found Zoh Xif's Antique Armour Boutique.
 16675 | Orc:2    | Found Boehyxt's Jewellery Boutique.
 16689 | Orc:2    | Found Galletyc's Antique Weapon Boutique.
 16746 | Orc:2    | Bought a scroll of identify for 24 gold pieces
 16746 | Orc:2    | Bought a scroll of identify for 24 gold pieces
 16746 | Orc:2    | Bought a scroll of identify for 24 gold pieces
 16787 | Orc:2    | Found a staircase to the Elven Halls.
 17381 | Orc:2    | Bought a twisted scale mail for 279 gold pieces
 17382 | Orc:2    | Identified the +6 scale mail "Dauholil" {rPois Str+3 Dex+4}
                  | (You bought it in a shop on level 2 of the Orcish Mines)
 17418 | Orc:2    | Bought the amulet of Vitality {Regen+ HP+15} for 1106 gold
                  | pieces
 17418 | Orc:2    | Found the amulet of Vitality {Regen+ HP+15}
 17654 | Lair:1   | Entered Level 1 of the Lair of Beasts
 17885 | Lair:1   | Reached skill level 10 in Evocations
 18484 | Lair:2   | Reached XP level 16. HP: 140/140 MP: 23/23
 18565 | Lair:2   | Reached skill level 17 in Fighting
 18622 | Lair:2   | Found a staircase to the Shoals.
 19234 | Lair:3   | Found a hole to the Spider Nest.
 19305 | Lair:3   | Found a frozen archway.
 19324 | IceCv    | Entered an ice cave
 19971 | IceCv    | Noticed a frost giant
 19988 | IceCv    | Killed a frost giant
 21596 | Lair:5   | Reached skill level 18 in Fighting
 21690 | Lair:5   | Found a runed translucent door.
 22071 | Lair:5   | Noticed Ypehuijo's ghost (journeyman OpFi)
 22072 | Lair:5   | Identified the +3 spear of Wondrous Power {pierce, Dex+3}
 22405 | Lair:5   | Killed Ypehuijo's ghost
 22529 | Lair:6   | Entered Level 6 of the Lair of Beasts
 22596 | Lair:6   | Reached XP level 17. HP: 149/151 MP: 26/26
 22758 | Lair:6   | Found a large runed translucent door.
 22758 | Lair:6   | Found a large runed translucent door.
 22815 | Lair:6   | Noticed Kirke
 22826 | Lair:6   | Noticed Josephine
 22840 | Lair:6   | Killed Kirke
 22844 | Lair:6   | Killed Josephine
 22886 | Lair:6   | Noticed Rjs's ghost (journeyman TrBe)
 23279 | Lair:6   | Identified a scroll of acquirement
 23283 | Lair:6   | Got a jewelled plate armour
 23291 | Lair:6   | Reached skill level 19 in Fighting
 23540 | Lair:6   | Found a viscous altar of Jiyva.
 23540 | Lair:6   | Found a staircase to the Slime Pits.
 23695 | Lair:6   | Got a vibrating wooden ring
 24149 | Elf:1    | Entered Level 1 of the Elven Halls
 24432 | Elf:1    | Identified the +5 plate armour of Xilyor {rC++ rCorr}
 24537 | Elf:1    | Noticed a Hell Sentinel
 24539 | Elf:1    | Noticed a Brimstone Fiend
 24796 | Elf:1    | Reached XP level 18. HP: 162/162 MP: 28/28
 24995 | Elf:1    | Identified the Tome of Creative Battle Magic
 25313 | Elf:1    | Found a runed translucent gate.
 25313 | Elf:1    | Found a runed translucent gate.
 25313 | Elf:1    | Found a runed translucent gate.
 25313 | Elf:1    | Found a runed translucent gate.
 25313 | Elf:1    | Found a runed translucent gate.
 25315 | Elf:1    | Found a runed translucent gate.
 25503 | Elf:1    | Reached skill level 20 in Fighting
 25632 | Elf:2    | Found Ygiteaq's Book Shop.
 25686 | Elf:2    | Found a huge runed translucent gate.
 25686 | Elf:2    | Found a huge runed translucent gate.
 25687 | Elf:2    | Found a huge runed translucent gate.
 26069 | Elf:2    | Reached skill level 10 in Shields
 26282 | Elf:2    | Found a bloodstained altar of Trog.
 26702 | Elf:2    | Found a huge runed translucent gate.
 26702 | Elf:2    | Found a huge runed translucent gate.
 26985 | Elf:2    | Reached XP level 19. HP: 170/170 MP: 29/29
 27274 | Elf:3    | Entered Level 3 of the Elven Halls
 27274 | Elf:3    | Found a portal to a secret trove of treasure.
 27291 | Elf:3    | Found Ishruguts's Magic Scroll Shop.
 27303 | Elf:3    | Bought a scroll of identify for 34 gold pieces
 27303 | Elf:3    | Bought a scroll of identify for 34 gold pieces
 27303 | Elf:3    | Bought a scroll of identify for 34 gold pieces
 27305 | Elf:3    | Identified the +0 plate armour of Veliahed {Int+3} (You
                  | acquired it on level 6 of the Lair of Beasts)
 27307 | Elf:3    | Identified the ring "Quimel" {rPois rC- rN+ Str+8 Stlth-}
                  | (You found it on level 6 of the Lair of Beasts)
 27685 | Elf:3    | Learned a level 8 spell: Necromutation
 27972 | Elf:3    | Noticed a deep elf blademaster
 27982 | Elf:3    | Killed a deep elf blademaster
 27998 | Elf:3    | Reached skill level 21 in Fighting
 28046 | Elf:3    | Reached skill level 15 in Armour
 28153 | Elf:3    | Noticed a deep elf blademaster
 28181 | Elf:3    | Killed a deep elf blademaster
 28333 | Elf:3    | Identified the +3 whip of Beogh's Scorn {protect, rElec
                  | Str-2 Int+10}
 28337 | Elf:3    | Reached skill level 22 in Fighting
 28347 | Elf:3    | Reached XP level 20. HP: 182/182 MP: 30/30
 28392 | Elf:3    | Identified the Volume of Attacks and Clay
 29060 | Shoals:1 | Entered Level 1 of the Shoals
 29102 | Shoals:1 | Reached skill level 1 in Transmutations
 29106 | Shoals:1 | Reached skill level 1 in Spellcasting
 29117 | Shoals:1 | Reached skill level 1 in Dodging
 29155 | Shoals:1 | Noticed Frances
 29168 | Shoals:1 | Killed Frances
 29267 | Shoals:1 | Found a transporter.
 29269 | Shoals:1 | Noticed Giacesaiho's ghost (adept FoCK)
 29323 | Shoals:1 | Found a transporter.
 29396 | Shoals:1 | Killed Giacesaiho's ghost
 31099 | Shoals:3 | Noticed Jorgrun
 31122 | Shoals:3 | Killed Jorgrun
 31122 | Shoals:3 | Reached skill level 5 in Transmutations
 31129 | Shoals:3 | Noticed Ilsuiw
 31151 | Shoals:3 | Killed Ilsuiw
 31266 | Shoals:3 | Reached skill level 5 in Spellcasting
 31713 | Shoals:4 | Entered Level 4 of the Shoals
 31975 | Shoals:4 | Reached skill level 5 in Dodging
 31981 | Shoals:4 | Reached XP level 21. HP: 118/190 MP: 24/31
 32523 | Shoals:4 | Got a barnacled rune of Zot
 33221 | Spider:1 | Entered Level 1 of the Spider Nest
 33547 | Spider:1 | Reached skill level 1 in Throwing
 34395 | Spider:1 | Identified Roxanne's Tome of Earth
 34395 | Spider:1 | Noticed Roxanne
 34444 | Spider:1 | Killed Roxanne
 34780 | Spider:2 | Reached skill level 23 in Fighting
 35352 | Spider:3 | Noticed Arachne
 35371 | Spider:3 | Killed Arachne
 35371 | Spider:3 | Reached skill level 5 in Throwing
 35746 | Spider:3 | Reached XP level 22. HP: 198/200 MP: 34/34
 35878 | Spider:3 | Noticed Louise
 35888 | Spider:3 | Killed Louise
 36332 | Spider:4 | Entered Level 4 of the Spider Nest
 36495 | Spider:4 | Noticed Aizul
 36517 | Spider:4 | Killed Aizul
 36678 | Spider:4 | Reached skill level 10 in Transmutations
 36718 | Spider:4 | Reached skill level 1 in Necromancy
 37180 | Spider:4 | Got a gossamer rune of Zot
 37501 | Lair:6   | Killed Rjs's ghost
 37826 | Vaults:1 | Entered Level 1 of the Vaults
 38454 | Vaults:1 | Found Vugg's Weapon Boutique.
 38472 | Vaults:1 | Reached skill level 10 in Spellcasting
 39067 | Vaults:1 | Reached XP level 23. HP: 208/208 MP: 37/37
 39488 | Vaults:2 | Reached skill level 5 in Necromancy
 39680 | Vaults:2 | Reached skill level 10 in Throwing
 39748 | Vaults:2 | Found a staircase to the Crypt.
 40093 | Vaults:2 | Reached skill level 24 in Fighting
 41810 | Vaults:3 | Reached XP level 24. HP: 218/218 MP: 39/39
 43157 | Vaults:4 | Found a runed translucent door.
 43158 | Vaults:4 | Noticed Wueresid's ghost (adept DEWz)
 43205 | Vaults:4 | Killed Wueresid's ghost
 43735 | Vaults:4 | Reached skill level 10 in Necromancy
 44060 | Depths:1 | Entered Level 1 of the Depths
 44324 | Depths:1 | Reached skill level 25 in Fighting
 44498 | Depths:1 | Found the +12 Vampire's Tooth {vamp}
 44572 | Depths:1 | Found a gateway to Hell.
 44689 | Depths:1 | Found Tiampiom's Armour Shop.
 44720 | Depths:1 | Found Cunem's Magic Scroll Shoppe.
 44824 | Depths:1 | Reached XP level 25. HP: 224/227 MP: 40/40
 44951 | Depths:1 | Found a gateway to a bazaar.
 44956 | Bazaar   | Entered a bazaar
 44956 | Bazaar   | Found Acveifub's Antique Armour Shoppe.
 44956 | Bazaar   | Found Luvut's General Store.
 44977 | Bazaar   | Found Pifuc's Jewellery Emporium.
 44984 | Bazaar   | Found Gupeuf's Distillery.
 44992 | Bazaar   | Bought a potion of resistance for 90 gold pieces
 44992 | Bazaar   | Bought a potion of curing for 27 gold pieces
 44992 | Bazaar   | Bought a potion of heal wounds for 45 gold pieces
 44992 | Bazaar   | Bought a potion of mutation for 72 gold pieces
 44992 | Bazaar   | Bought 2 potions of curing for 54 gold pieces
 44992 | Bazaar   | Bought a potion of cancellation for 72 gold pieces
 44995 | Bazaar   | Found Zuonul's Antique Weapon Boutique.
 45038 | Bazaar   | Bought the +7 sceptre of Torment {pain, torment} for 1080
                  | gold pieces
 45038 | Bazaar   | Found the +7 sceptre of Torment {pain, torment}
 45118 | Depths:2 | Identified the +11 short sword "Fekum" {pierce, +Fly rElec
                  | rC+ Stlth-}
 45255 | Depths:2 | Noticed Asterion
 45304 | Depths:2 | Killed Asterion
 45390 | Depths:2 | Found a magical portal.
 45925 | WizLab   | Reached skill level 15 in Evocations
 46260 | WizLab   | Identified Iskenderun's Catalogue of Combat Magic
 46260 | WizLab   | Identified Iskenderun's Volume of Conjuration
 46299 | WizLab   | Identified the Collected Works on the Feathery Snowflakes
 46299 | WizLab   | Identified the Disquisition on Shifting Hexes
 46933 | Depths:2 | Reached skill level 15 in Spellcasting
 47084 | Depths:2 | You fall into a shaft and drop 1 floor!
 47149 | Depths:2 | Noticed Mara
 47156 | Depths:2 | Noticed Arum's illusion
 47195 | Depths:2 | Killed Mara
 47292 | Depths:2 | Reached XP level 26. HP: 188/237 MP: 42/42
 47915 | Depths:3 | Noticed Nikola
 47948 | Depths:3 | Killed Nikola
 48116 | Depths:3 | Reached skill level 26 in Fighting
 48864 | Elf:3    | You paid a toll of +2 storm dragon scales to enter a
                  | treasure trove
 48865 | Trove    | Entered a treasure trove
 48876 | Trove    | Identified Sif Muna's Guide on Icy Changing
 48898 | Trove    | Identified the Almanac of the Mutagenic Glacier
 48915 | Trove    | Identified Pan Kem's Volume of Snow and Venom
 48918 | Trove    | Identified Sif Muna's Incunabulum of Shifting Necromancy
 48921 | Trove    | Identified Sif Muna's Collected Works on Burning Moulding
 49722 | Depths:3 | Found Ledoempaeh's Antique Armour Shoppe.
 49889 | Depths:3 | Found a one-way gate leading to the halls of Pandemonium.
 50316 | Depths:4 | Reached skill level 10 in Dodging
 50372 | Depths:4 | Reached XP level 27. HP: 246/246 MP: 42/42
 50679 | Depths:4 | Found a shadowy altar of Dithmenos.
 50960 | Depths:4 | Got a scorched quarterstaff
 50961 | Depths:4 | Identified the +3 quarterstaff of Pur Mune {chaos, *Corrode
                  | rN++ MP+9 Dex+2} (You found it on level 4 of the Depths)
 51183 | Depths:4 | Found a one-way gate to the infinite horrors of the Abyss.
 51586 | Depths:5 | Entered Level 5 of the Depths
 51613 | Depths:5 | Reached skill level 15 in Throwing
 51629 | Depths:5 | Reached skill level 27 in Fighting
 51670 | Depths:5 | Noticed a juggernaut
 51689 | Depths:5 | Killed a juggernaut
 52423 | Depths:5 | Found a gate to the Realm of Zot.
 52904 | Depths:5 | Found a gateway to a ziggurat.
 53636 | Vaults:5 | Entered Level 5 of the Vaults
 53998 | Vaults:5 | HP: 2/264 [ettin/+0 dire flail of protection (27)]
 53998 | Vaults:5 | Mangled by a shadow dragon

Levels and vault maps discovered:
D:1:      sevenhm_arrival_forest_fort_large_4, layout_basic, minivault_5
D:2:      layout_basic, chequers_ecumenical_altar_simple, uniq_natasha,
          uniq_terence
D:3:      layout_basic, chequers_temple_overflow_statue_of_worship,
          gammafunk_temple_overflow_pools, ebering_ghost_rock_garden
D:4:      layout_loops_cross, temple_statues, first_ration, minmay_rat_hole
D:5:      layout_layer_cave, serial_shops, nicolae_shop_waterfront
D:6:      minmay_inner_zag, layout_loops_ring, nicolae_overflow_crystal_walls,
          xom_confusion_cloud, uniq_eustachio
D:7:      layout_basic, minmay_misc_feat_secret_circle
D:8:      minmay_klotski, layout_basic, erik_lair_dragon,
          hangedman_pestilent_swarm
D:9:      cheibrodos_barr_body, layout_long_grid, minmay_lizard_king,
          uniq_joseph
D:10:     layout_rooms, serial_shops, nicolae_shop_trees, st_stairs_9
D:11:     layout_loops_ring, gauntlet_entry_generic, uniq_sonja
D:12:     layout_roguey, zombieorc1_lemuel, minmay_misc_feat_tower,
          nicolae_qazlal_general_emergency
D:13:     minmay_box_of_curves, layout_irregular_city
D:14:     layout_cave_pools, grunt_vaults_entry_tiered, serial_shops, shop,
          small_statue_alley_a
D:15:     grunt_enter_depths_magical_seal, layout_irregular_city,
          nicolae_dithmenos_shadow_blocks, lightli_fourway_metalbox
Temple:   nicolae_temple_x_marks_the_god
Lair:1:   beast_lair_carwin_large_3, layout_gridlike
Lair:2:   layout_chaotic_city, minmay_shoals_entry_beasts
Lair:3:   layout_roguey, dummy_spider_entry, portal_ice_cave_entry_pillars_1,
          lemuel_fruit_fields
Lair:4:   layout_regular_city
Lair:5:   layout_loops_ring, ebering_ghost_funeral_grove
Lair:6:   evilmike_catoblepas_cave, layout_hall_layers,
          dpeg_slime_entry_enclosed_altar, ebering_ghost_disaster_area,
          uniq_josephine, uniq_kirke
Shoals:1: layout_shoals, gammafunk_ghost_arena,
          nicolae_shoals_stone_sculpture_thing, uniq_frances
Shoals:2: cheibrodos_shoals_satyrical_garden, layout_shoals,
          nicolae_shoals_water_elemental_grotto
Shoals:3: layout_shoals, uniq_ilsuiw, uniq_jorgrun
Shoals:4: shoals_end_grunt_ice, layout_shoals
Spider:1: layout_chambers, zaba_antful_of_joy, uniq_roxanne
Spider:2: layout_spider_delve
Spider:3: layout_spider_delve, worms_lemuel, uniq_arachne, uniq_louise
Spider:4: grunt_spider_rune_island, uniq_aizul
Orc:1:    layout_caves
Orc:2:    grunt_orc_cross, layout_diamond_mine, uniq_donald
Elf:1:    layout_geoelf_octagon, orc_legates, minmay_elf_sorcery
Elf:2:    layout_gridlike, serial_shops, shop, evilmike_spriggan_trog_shrine
Elf:3:    minmay_elf_hall_furrowed, layout_gridlike, serial_shops, shop,
          enter_trove_1, chequers_hall_statues_wall_a,
          hangedman_decor_cross_pass
Vaults:1: v_misc_23, vaults_room_semicircle, v_misc_22, st_quartered_hall,
          nicolae_vaults_network_s, v_misc_14, nicolae_vaults_little_squares_2,
          nicolae_vaults_little_squares_5, nicolae_vaults_what_the_h,
          ontoclasm_vaults_claustrophobia, ontoclasm_vaults_twist,
          hangedman_vaults_stitches, vaults_dpeg_hooks,
          grunt_vaults_hallway_short, v_alt_pattern_5, hangedman_vaults_snaps,
          layout_vaults_omnibox, serial_shops, shop
Vaults:2: v_pattern_4, v_misc_23, ontoclasm_vaults_misaligned, serial_ice_m,
          minmay_crypt_entry_simple_statues, v_misc_18, v_misc_4,
          vaults_room_semicircle, hangedman_vaults_variations, vaults_mumra_hex,
          vaults_mumra_chevron_long, nicolae_vaults_big_ls,
          layout_vaults_maze_snakey
Vaults:3: vaults_dpeg_spiral, grunt_vaults_focal, grunt_vaults_hallway_short,
          ontoclasm_vaults_pinch, ontoclasm_vaults_decontamination,
          nicolae_vaults_rhombus_5, nicolae_vaults_circle_grid_b,
          nicolae_vaults_mini_display_case, nicolae_vaults_gold_heap,
          layout_vaults_quadrants
Vaults:4: ebering_vaults_ghost_reflecting_pool, dpeg_vaults_monster_row,
          nicolae_vaults_windows_and_doors_thing, grunt_vaults_diagonal,
          ontoclasm_vaults_bender, ontoclasm_vaults_misaligned,
          vaults_room_pool, special_room_vaults [special_room_orc],
          vaults_room_hallway, hangedman_vaults_stream,
          nicolae_vaults_little_ls, v_misc_5, hangedman_vaults_nails,
          nicolae_vaults_asterisk, layout_vaults_ring
Vaults:5: uniq_boris
Depths:1: layout_gridville, grunt_hell_entry_dis_mu, serial_shops,
          bzr_entry_road, shop, nicolae_shop_behind_doors,
          kennysheep_another_room, minmay_statues_item,
          minmay_guarded_unrand_vampires_tooth
Depths:2: minmay_the_grid_four_pointed_star [minmay_the_grid_triangle_9x9_alien,
          minmay_the_grid_triangle_9x9_odd_lines,
          minmay_the_grid_triangle_9x9_skeleton,
          minmay_the_grid_triangle_9x9_from_above,
          minmay_the_grid_prize_trominoes], layout_cave_pools,
          mu_enter_wizlab_5, hell_entry, infiniplex_staircase_squiggle,
          uniq_asterion, uniq_mara
Depths:3: grunt_x_marks_the_spot, layout_basic, hell_entry,
          grunt_pan_entry_sceptre, serial_bayou_pond_c, serial_shops,
          nicolae_shop_behind_doors, minmay_misc_feat_pillars,
          serial_bayou_shore_a, uniq_nikola
Depths:4: minmay_swirls_squares, layout_basic, pf_dread_powers_of_hell,
          abyss_entry, serial_glass, glass_columns_c, glass_columns_a,
          glass_columns_c, glass_columns_c, glass_columns_c, glass_columns_a,
          lemuel_statue_altar
Depths:5: grunt_zot_entry_pinwheel, layout_gridlike, enter_ziggurat_a,
          chequers_serial_rivers_micro_a, rand_demon_pan_entry_4, hell_entry

Skill      XL: |  1  2  3  4  5  6  7  8  9 10 11 12 13 14 15 16 17 18 19 20 21 22 23 24 25 26 27 |
---------------+----------------------------------------------------------------------------------+-----
Shields        | 4 5 6 8 9 11 12 | 12.0
Fighting       | 4 5 6 7 8 10 11 12 14 15 16 18 19 20 22 23 24 25 26 27 | 27.0
Staves         | 3 4 5 6 7 9 10 11 13 14 | 14.0
Armour         | 5 7 9 11 12 14 15 | 15.7
Invocations    | 4 8 10 | 10.0
Evocations     | 5 10 12 14 15 16 | 16.0
Transmutations | 6 9 10 | 10.0
Spellcasting   | 5 8 10 12 13 15 | 15.6
Dodging        | 5 6 10 11 | 11.6
Throwing       | 6 9 10 13 17 | 17.1
Necromancy     | 4 8 11 | 11.0

Action                   |  1- 3 |  4- 6 |  7- 9 | 10-12 | 13-15 | 16-18 | 19-21 | 22-24 | 25-27 || total
-------------------------+-------+-------+-------+-------+-------+-------+-------+-------+-------++-------
Melee: Quarterstaff      |   103 |   188 |   403 |   668 |  1478 |  1044 |       |       |       ||  3884
       Staff             |       |       |       |       |    49 |   832 |  1755 |  2343 |  2082 ||  7061
       Eveningstar       |       |       |       |       |       |       |       |       |   178 ||   178
Throw: Throwing net      |       |       |       |     1 |       |       |       |       |       ||     1
       Javelin           |       |       |       |       |       |     2 |     5 |       |       ||     7
Invok: Upheaval          |       |       |       |     1 |     2 |    11 |    20 |     5 |    10 ||    49
       Elemental Force   |       |       |       |     1 |     1 |       |       |       |       ||     2
       Disaster Area     |       |       |       |       |       |       |     6 |       |     7 ||    13
 Abil: Dig               |       |     2 |       |     4 |     8 |     9 |     6 |     6 |     7 ||    42
Evoke: Wand              |       |       |       |    18 |       |     2 |       |       |     1 ||    21
       Lamp of fire      |       |       |       |       |       |     1 |       |       |       ||     1
  Use: Potion            |       |     1 |       |     6 |       |     2 |     1 |     2 |     4 ||    16
       Scroll            |       |     7 |     1 |     9 |     5 |    15 |     8 |       |    13 ||    58
 Stab: Confused          |       |       |     1 |       |       |       |       |       |       ||     1
       Paralysed         |       |       |       |     7 |       |     9 |       |       |       ||    16
       Held in net/web   |       |       |       |     1 |       |       |       |       |       ||     1
       Distracted        |       |       |       |       |       |       |     1 |       |       ||     1
  Eat: Chunk             |     1 |     6 |    13 |    14 |    27 |    27 |    27 |    32 |    23 ||   170
       Ration            |       |       |       |     1 |       |     1 |     1 |       |     3 ||     6
Armor: Scale mail        |    51 |    71 |    23 |       |    16 |   144 |       |       |       ||   305
       Chain mail        |       |       |    57 |   158 |   192 |       |       |       |       ||   407
       Ice dragon scales |       |       |       |       |       |    47 |       |       |       ||    47
       Plate armour      |       |       |       |       |       |   101 |   450 |   378 |   540 ||  1469
       Gold dragon scale |       |       |       |       |       |       |       |       |   109 ||   109
Dodge: Dodged            |    36 |    70 |    83 |   131 |   192 |   418 |   651 |   581 |   805 ||  2967
       Deflected         |       |       |       |     3 |    19 |    19 |    72 |    25 |    30 ||   168
Block: Shield            |    67 |   111 |   250 |   492 |   966 |  1138 |  1585 |  1660 |  1601 ||  7870
